 Dungeon Crawl Stone Soup version 0.25-a0-265-g7af84ae0ac (webtiles) character file.

Game seed: 9163098360293832490, levelgen mode: deterministic

9475 night the Fighter (level 11, 0/90 HPs)
             Began as a Demonspawn Venom Mage on Dec 8, 2019.
             Was a Priest of Cheibriados.
             Killed from afar by a raiju (10 damage)
             ... with a living lightning
             ... on level 1 of the Abyss.
             The game lasted 00:42:43 (12126 turns).

night the Fighter (Demonspawn Venom Mage)          Turns: 12126, Time: 00:42:44

Health: 0/90       AC:  8    Str: 15    XL:     11   Next: 23%
Magic:  24/24      EV: 18    Int: 27    God:    Cheibriados [***...]
Gold:   614        SH:  0    Dex: 26    Spells: 13/29 levels left

rFire    . . .     SeeInvis .     - Unarmed
rCold    . . .     Gourm    .   (no shield)
rNeg     + . .     Faith    .   k - +0 robe (curse)
rPois    .         Spirit   .   H - +0 hat
rElec    .         Reflect  .   (no cloak)
rCorr    .         Harm     .   g - +1 pair of gloves
MR       .....                  w - +1 pair of boots
Stlth    ++++++....             x - amulet of regeneration
HPRegen  0.65/turn              h - ring of flight
MPRegen  0.19/turn              K - ring of positive energy (curse)

@: agile, about to teleport, very slow
A: antennae 2, yellow scales 1, nightstalker 2
a: Bend Time, Temporal Distortion, Renounce Religion, Evoke Flight


You were on level 1 of the Abyss.
You worshipped Cheibriados.
Cheibriados was most pleased with you.
You were hungry.

You visited 2 branches of the dungeon, and saw 11 of its levels.
You visited the Abyss 1 time.

You collected 614 gold pieces.

Inventory:

Hand Weapons
 n - a +0 short sword
Missiles
 b - 283 stones (quivered)
 m - 183 arrows
 q - 35 bolts
 J - 12 poisoned darts
Armour
 g - a +1 pair of gloves (worn)
 k - a cursed +0 robe (worn)
 w - a +1 pair of boots (worn)
 H - a +0 hat (worn)
Jewellery
 h - a ring of flight (left hand)
 s - an uncursed ring of fire
 x - an amulet of regeneration (around neck)
 K - a cursed ring of positive energy (right hand)
Wands
 y - a wand of paralysis (9)
Scrolls
 a - a scroll of holy word {unknown}
 e - 4 scrolls of identify
 f - 3 scrolls of enchant armour {unknown}
 j - a scroll of random uselessness {unknown}
 o - 5 scrolls of remove curse
 p - 3 scrolls of teleportation
 t - 2 scrolls of noise
 D - 3 scrolls of enchant weapon {unknown}
 E - 2 scrolls of fear {unknown}
 F - a scroll of amnesia {unknown}
 I - a scroll of vulnerability {unknown}
Potions
 d - 5 potions of curing
 i - 2 potions of might
 l - a potion of heal wounds
 r - a potion of cancellation {unknown}
 u - 2 potions of resistance {unknown}
 v - a potion of ambrosia {unknown}
 z - a potion of flight {unknown}
 A - a potion of mutation {unknown}
 B - a potion of lignification {unknown}
 C - a potion of berserk rage {unknown}
 G - 2 potions of agility
Comestibles
 c - 15 rations


   Skills:
 + Level 10.1 Fighting
 - Level 1.7 Dodging
 - Level 1.7 Stealth
 + Level 6.6 Unarmed Combat
 + Level 9.6 Spellcasting
 - Level 1.2 Conjurations
 - Level 0.8 Transmutations
 - Level 1.1 Air Magic
 - Level 7.5 Poison Magic


You had 13 spell levels left.
You knew the following spells:

 Your Spells              Type           Power        Failure   Level  Hunger
a - Sting                 Tmut/Pois      ####         1%          1    None
b - Poisonous Vapours     Pois/Air       #####.       1%          2    None
c - Mephitic Cloud        Conj/Pois/Air  ####....     3%          3    None
d - Ignite Poison         Fire/Tmut/Pois ####....     4%          3    None
e - Olgreb's Toxic Radia  Pois           ######..     1%          4    None
f - Spectral Weapon       Hex/Chrm       ##......     14%         3    None

Your spell library contained the following spells:

 Spells                   Type           Power        Failure   Level  Hunger
 Infusion                 Chrm           ##..         4%          1    None
 Shroud of Golubria       Chrm/Tloc      ##....       7%          2    None
 Song of Slaying          Chrm           ##......     7%          2    None
 Regeneration             Chrm/Necr      ##........   14%         3    None


Dungeon Overview and Level Annotations

Branches:
Dungeon (10/15)            Temple (1/1) D:7            Lair (0/6) D:10
    Orc (0/2) D:9

Altars:
Ashenzari
Cheibriados
Dithmenos
Elyvilon
Fedhas
Hepliaklqana
Kikubaaqudgha
Makhleb
Okawaru
Qazlal
Ru
Sif Muna
Trog
Uskayaw
Vehumet
Wu Jian
Xom
Yredelemnul
Zin
The Shining One

Annotations:
D:7 2 transporters
D:9 3 runed translucent doors
D:10 Erolcha


Innate Abilities, Weirdness & Mutations

You have a pair of antennae on your head.
You are partially covered in yellow scales. (AC +2)
You are significantly more attuned to the shadows.


Message History

The raiju pauses to sniff the ground.
The raiju bursts into living lightning!
The living lightning hits you! The living lightning hits you!!
The raiju blinks! x3
You barely miss the raiju. The raiju bites you. The raiju shocks you!
Unknown command.
You feel much better.
A raiju comes into view.
The raiju bursts into living lightning!
The living lightning hits you! The living lightning hits you.
The raiju blinks! x2
You feel agile all of a sudden.
The raiju bursts into living lightning!
The living lightning hits you!
* * * LOW HITPOINT WARNING * * *
The living lightning hits you!
* * * LOW HITPOINT WARNING * * *
The raiju blinks!
The raiju bursts into living lightning!
The living lightning hits you!
You die...

. .. .
#.. # .
#### . #
. . . .
# .
...#.# #
...# . #
# .. .
... ...
### . 3
##.##
##.
.#......
.#.. ...
.. ...
...
.#.### #
.##.#h@#
# #.# ..
#.ยง##
..# .#
...h.. .
....h##
. # #
#.## .
.. ..


You could see 3 raiju.

Vanquished Creatures
  Gastronok (D:8)
  2 two-headed ogres
  A sixfirhy (Abyss:1)
  A glowing orange brain (Abyss:1)
  Pikel (D:3)
  A queen bee (D:9)
  Grinder (D:6)
  A hippogriff (D:7)
  Sigmund (D:5)
  A human (D:9)
  Grum (D:10)
  Menkaure (D:5)
  A water moccasin (D:6)
  A sky beast (D:7)
  2 slaves (D:4)
  4 orc warriors
  An ice beast (D:10)
  An eye of draining (D:10)
  2 necrophages
  5 ogres
  3 wolves (D:10)
  3 centaurs
  A big kobold (D:8)
  4 bullfrogs
  A water moccasin zombie (D:10)
  16 killer bees
  2 howler monkeys (D:8)
  3 crimson imps
  2 bullfrog zombies (D:9)
  3 jellies
  A quasit (D:10)
  2 hounds
  2 orc priests (D:9)
  A centaur skeleton (D:9)
  8 orc wizards
  4 worker ants
  A killer bee zombie (D:8)
  A hound skeleton (D:4)
  2 worker ant zombies
  4 adders
  3 shadow imps
  An ooze (D:5)
  2 adder zombies
  A dart slug (D:3)
  3 worms
  4 leopard geckos
  28 orcs
  4 giant cockroaches
  7 goblins
  12 hobgoblins
  3 jackals (D:2)
  3 quokkas
  A ball python (D:5)
  7 bats
  6 frilled lizards
  A jackal skeleton (D:6)
  A jackal zombie (D:1)
  14 kobolds
  A leopard gecko skeleton (D:6)
  A quokka skeleton (D:9)
  5 rats
202 creatures vanquished.

Vanquished Creatures (others)
  A bullfrog skeleton (D:6)
  An adder (D:4)
  A shadow imp (D:6)
  2 leopard geckos
  An orc (D:4)
  6 plants (D:7)
12 creatures vanquished.

Grand Total: 214 creatures vanquished

Notes
Turn   | Place    | Note
-------+----------+-------------------------------------------
     0 | D:1      | night the Demonspawn Venom Mage began the quest for the
                  | Orb.
     0 | D:1      | Reached XP level 1. HP: 13/13 MP: 3/3
   335 | D:1      | Gained mutation: You are partially covered in yellow
                  | scales. (AC +2) [demonic ancestry]
   335 | D:1      | Reached XP level 2. HP: 17/20 MP: 0/5
   463 | D:1      | Reached skill level 1 in Fighting
   743 | D:1      | Learned a level 2 spell: Poisonous Vapours
   932 | D:1      | Gained mutation: You have a pair of small antennae on your
                  | head. [demonic ancestry]
   932 | D:1      | Reached XP level 3. HP: 26/26 MP: 2/6
  1665 | D:2      | Learned a level 3 spell: Mephitic Cloud
  2103 | D:2      | Found a bloodstained altar of Trog.
  2269 | D:2      | Reached skill level 2 in Fighting
  2351 | D:2      | Reached XP level 4. HP: 33/33 MP: 5/8
  3261 | D:4      | Noticed a slave
  3294 | D:4      | Learned a level 3 spell: Ignite Poison
  3316 | D:4      | Killed a slave
  3472 | D:4      | Noticed a slave
  3473 | D:4      | Noticed Pikel
  3486 | D:4      | Noticed an ogre
  3487 | D:4      | Killed a slave
  3912 | D:3      | Killed Pikel
  3912 | D:3      | Reached skill level 4 in Fighting
  3912 | D:3      | Reached skill level 5 in Poison Magic
  3912 | D:3      | Gained mutation: You have a pair of antennae on your head.
                  | [demonic ancestry]
  3912 | D:3      | Reached XP level 5. HP: 25/42 MP: 1/11
  3912 | D:3      | Gained mutation: You are slightly more attuned to the
                  | shadows. [demonic ancestry]
  3912 | D:3      | Reached XP level 6. HP: 28/48 MP: 1/12
  3912 | D:3      | Reached XP level 7. HP: 32/54 MP: 1/13
  4408 | D:4      | You fall into a shaft and drop 1 floor!
  4408 | D:5      | Entered Level 5 of the Dungeon
  4507 | D:5      | Found a burning altar of Makhleb.
  4640 | D:5      | Noticed Menkaure
  4651 | D:5      | Killed Menkaure
  4688 | D:5      | Reached skill level 5 in Fighting
  4688 | D:5      | Reached skill level 5 in Spellcasting
  5015 | D:5      | Learned a level 4 spell: Olgreb's Toxic Radiance
  5131 | D:5      | Reached XP level 8. HP: 48/62 MP: 0/15
  5671 | D:5      | Noticed Sigmund
  5681 | D:5      | Killed Sigmund
  6155 | D:6      | Noticed Grinder
  6158 | D:6      | Paralysed by Grinder for 5 turns
  6263 | D:6      | Killed Grinder
  6263 | D:6      | Reached skill level 6 in Fighting
  6766 | D:6      | Gained mutation: You are significantly more attuned to the
                  | shadows. [demonic ancestry]
  6766 | D:6      | Reached XP level 9. HP: 33/71 MP: 5/18
  6985 | D:6      | Found a radiant altar of Vehumet.
  7176 | D:6      | Found a shimmering altar of Xom.
  7393 | D:7      | Found a staircase to the Ecumenical Temple.
  7424 | Temple   | Entered the Ecumenical Temple
  7682 | Temple   | Became a worshipper of Cheibriados the Contemplative
  7810 | D:7      | Found a transporter.
  7991 | D:7      | Found a hazy altar of Hepliaklqana.
  8072 | D:7      | Found a transporter.
  8295 | D:7      | Found a shimmering blue altar of Sif Muna.
  8439 | D:7      | Reached skill level 7 in Fighting
  8439 | D:7      | Reached skill level 1 in Conjurations
  8439 | D:7      | Reached skill level 1 in Air Magic
  8522 | D:7      | Reached skill level 1 in Unarmed Combat
  8953 | D:8      | Found a blossoming altar of Fedhas.
  9167 | D:8      | Noticed Gastronok
  9334 | D:8      | Killed Gastronok
  9334 | D:8      | Reached skill level 8 in Fighting
  9334 | D:8      | Reached XP level 10. HP: 71/81 MP: 1/22
  9543 | D:8      | Reached * piety under Cheibriados
 10050 | D:9      | Found a staircase to the Orcish Mines.
 10059 | D:9      | Noticed a two-headed ogre
 10071 | D:9      | Reached ** piety under Cheibriados
 10109 | D:9      | Killed a two-headed ogre
 10109 | D:9      | Reached skill level 9 in Fighting
 10109 | D:9      | Reached skill level 5 in Unarmed Combat
 10357 | D:9      | Found a runed translucent gate.
 10358 | D:9      | Found a runed translucent gate.
 10358 | D:9      | Noticed a purple ugly thing
 10359 | D:9      | Found a runed translucent gate.
 10359 | D:9      | Noticed a green ugly thing
 10359 | D:9      | Noticed a glowing orange brain
 10359 | D:9      | Noticed a white very ugly thing
 10362 | D:9      | Noticed a green ugly thing
 10842 | D:10     | Entered Level 10 of the Dungeon
 11017 | D:10     | Found a staircase to the Lair.
 11517 | D:10     | Noticed a two-headed ogre
 11525 | D:10     | Killed a two-headed ogre
 11525 | D:10     | Reached XP level 11. HP: 85/85 MP: 14/24
 11594 | D:10     | Reached *** piety under Cheibriados
 11598 | D:10     | Noticed Grum
 11609 | D:10     | Killed Grum
 11633 | D:10     | Learned a level 3 spell: Spectral Weapon
 11943 | D:10     | Noticed Erolcha
 11944 | D:10     | Cast into level 1 of the Abyss (Erolcha)
 12065 | Abyss:1  | Noticed a sixfirhy
 12066 | Abyss:1  | Noticed a glowing orange brain
 12071 | Abyss:1  | Killed a glowing orange brain
 12071 | Abyss:1  | Reached skill level 10 in Fighting
 12071 | Abyss:1  | Killed a sixfirhy
 12126 | Abyss:1  | Killed from afar by a raiju

Levels and vault maps discovered:
D:1:      saegor_arrival_fortress, layout_rooms, chequers_serial_rivers_small_3,
          solitary_fountain, chequers_serial_rivers_room_a, minmay_distorted
D:2:      layout_loops_ring, old_standard_altar, hangedman_decor_peaks_small
D:3:      layout_loops_cross
D:4:      layout_loops_cross, grunt_temple_overflow_opulence, uniq_pikel
D:5:      layout_cave_pods, first_ration, basic_altar, uniq_menkaure,
          uniq_sigmund
D:6:      layout_basic, fiery_altar_vehumet, lemuel_crystal_altar, uniq_grinder
D:7:      layout_loops_cross, kennysheep_little_box, lemuel_crystal_altar,
          minmay_temple_entry_purple_smoke, gammafunk_ghost_gnarly_gnolls
D:8:      layout_basic, marbit_many_paths, uniq_gastronok
D:9:      layout_rooms, erik_orc_4, ploomutoo_gammafunk_ghost_potion_laboratory,
          david_nohive_1
D:10:     layout_loops_ring, lair_entry_dummy, serial_shops, shop,
          minmay_misc_feat_more_columns, uniq_erolcha, uniq_grum
Temple:   eino_temple_water
Abyss:1:  base: D:2, serial_sigils_hangedman_quiver, minivault_24

Skill      XL: |  1  2  3  4  5  6  7  8  9 10 11 |
---------------+----------------------------------+-----
Fighting       | 1 2 4 5 6 8 9 10 | 10.1
Spellcasting   | 4 5 6 8 9 |  9.6
Poison Magic   | 5 6 7 |  7.5
Conjurations   | 1 |  1.2
Air Magic      | 1 |  1.1
Unarmed Combat | 4 6 |  6.6
Dodging        | |  1.7
Stealth        | |  1.7
Transmutations | |  0.8

Action                   |  1- 3 |  4- 6 |  7- 9 | 10-12 || total
-------------------------+-------+-------+-------+-------++-------
Melee: Unarmed           |    73 |       |       |     1 ||    74
       Short sword       |     7 |    14 |   125 |   154 ||   300
       Punch             |       |       |       |     6 ||     6
 Cast: Sting             |    65 |    18 |   141 |    67 ||   291
       Poisonous Vapours |    17 |    16 |    43 |    34 ||   110
       Ignite Poison     |       |       |    15 |     6 ||    21
       Mephitic Cloud    |       |       |    17 |     8 ||    25
       Olgreb's Toxic Ra |       |       |     2 |    16 ||    18
Evoke: Wand              |       |       |       |     2 ||     2
  Use: Scroll            |       |       |     5 |     1 ||     6
       Potion            |       |       |       |     2 ||     2
 Stab: Sleeping          |       |       |     2 |       ||     2
       Distracted        |       |       |     1 |       ||     1
       Confused          |       |       |     1 |     3 ||     4
       Paralysed         |       |       |       |    10 ||    10
  Eat: Chunk             |     6 |     4 |    14 |     4 ||    28
       Ration            |       |       |     2 |       ||     2
Armor: Robe              |    40 |     3 |    76 |    72 ||   191
Dodge: Dodged            |    59 |    13 |   121 |   120 ||   313

Table legend:
 A = Non-vault XP
 B = Vault XP
 C = Vault XP percentage of total XP
 D = Non-vault monster count
 E = Vault monster count
 F = Vault count percentage of total count
                 A         B        C        D         E       F
            +---------+---------+-------+---------+---------+-------
      Total |    7699 |    5837 |  43.1 |     158 |      42 |  21.0
            +---------+---------+-------+---------+---------+-------
        D:1 |      49 |      10 |  16.9 |      29 |       4 |  12.1
        D:2 |      39 |       0 |   0.0 |      19 |       0 |   0.0
        D:3 |      31 |     673 |  95.6 |       9 |       1 |  10.0
        D:4 |     147 |       0 |   0.0 |       3 |       0 |   0.0
        D:5 |     643 |     395 |  38.1 |      17 |       2 |  10.5
        D:6 |     658 |     290 |  30.6 |      15 |       1 |   6.2
        D:7 |     678 |       0 |   0.0 |       7 |       0 |   0.0
        D:8 |     744 |    2255 |  75.2 |      31 |       1 |   3.1
        D:9 |    1267 |    1705 |  57.4 |       9 |      29 |  76.3
       D:10 |    1927 |     509 |  20.9 |      17 |       4 |  19.0
    Abyss:1 |    1516 |       0 |   0.0 |       2 |       0 |   0.0
            +---------+---------+-------+---------+---------+-------
